 Dungeon Crawl Stone Soup version bcrawl-1.13.1 (webtiles) character file.

Game seed: 8968026659559611931

282 Flugkiller the Firebug (level 6, 0/32 HPs)
             Began as a Skeleton Fire Elementalist on Aug 5, 2019.
             Slain by a meliai zombie (3 damage)
             ... on level 4 of the Dungeon.
             The game lasted 00:03:57 (3136 turns).

Flugkiller the Firebug (Skeleton Fire Elementalist) Turns: 3136, Time: 00:03:57

Health: 0/32       AC:  2    Str: 14 (15) XL:     6   Next: 6%
Magic:  0/13       EV: 12    Int: 12 (15) God:
Gold:   223        SH:  0    Dex:  6 (9)  Spells: 10/14 levels left

rFire    . . .     SeeInvis .   (no weapon)
rCold    + . .     Gourm    .   (no shield)
rNeg     + + +     Faith    .   a - +0 robe
rPois    ∞         Spirit   +   (no helmet)
rElec    .         Reflect  .   (no cloak)
rCorr    .         Harm     .   (no gloves)
MR       .....                  (no boots)
Stlth    ++........             g - amulet of magic regeneration
HPRegen  0.10/turn              (no ring)
MPRegen  0.38/turn              (no ring)

@: about to teleport, very slightly contaminated
A: no food or potions, cold resistance 1, deterioration 1, negative energy
resistance 3, powered by death 1, torment resistance, unbreathing, magic shield,
sturdy frame 1, spell healing
a: no special abilities


You were on level 4 of the Dungeon.
You were not hungry.

You visited 1 branch of the dungeon, and saw 4 of its levels.

You collected 223 gold pieces.

Inventory:

Armour
 a - a +0 robe (worn)
 d - a +0 shield
Jewellery
 g - an amulet of magic regeneration (around neck)
 j - an uncursed ring of wizardry {unknown}
Wands
 h - a wand of paralysis (9)
Scrolls
 c - 2 scrolls of enchant armour
 e - a scroll of identify
 f - a scroll of remove curse
 i - 4 scrolls of fear
 k - a scroll of amnesia {unknown}


   Skills:
 - Level 2.0 Dodging
 - Level 2.4 Stealth
 + Level 4.9 Spellcasting
 + Level 3.7 Conjurations
 * Level 5.2 Fire Magic


You had 10 spell levels left.
You knew the following spells:

 Your Spells              Type           Power        Failure   Level  Hunger
a - Flame Tongue          Conj/Fire      ##...        3%          1    N/A
c - Conjure Flame         Conj/Fire      ##......     10%         3    N/A

Your spell library contained the following spells:

 Spells                   Type           Power        Failure   Level  Hunger
 Inner Flame              Hex/Fire       N/A          21%         3    N/A
 Sticky Flame             Conj/Fire      ##......     30%         4    N/A
 Fireball                 Conj/Fire      ##........   65%         5    N/A

Dungeon Overview and Level Annotations

Branches:
Dungeon (4/12)
 Temple: D:4-7

Altars:
Uskayaw


Innate Abilities, Weirdness & Mutations

You do not eat or drink.
You are immune to poison.
Your flesh is cold resistant. (rC+)
Your body sometimes deteriorates upon taking damage.
You are immune to negative energy. (rN+++)
You regenerate a little health from kills.
You are immune to unholy pain and torment.
You can survive without breathing.
When hurt, damage is shared between your health and your magic reserves.
Your movements are slightly less encumbered by armour. (ER -2)
Casting spells heals you.


Message History

The meliai zombie hits you. x2
* * * LOW HITPOINT WARNING * * *
Your body deteriorates!
You feel weakened. The meliai zombie closely misses you.
The meliai zombie hits you.
* * * LOW HITPOINT WARNING * * *
Unknown command.
As you read the scroll of teleportation, it crumbles to dust.
You feel strangely unstable. The meliai zombie hits you.
* * * LOW HITPOINT WARNING * * *
The meliai zombie hits you but does no damage.
Unknown command.
The meliai zombie closely misses you.
The meliai zombie hits you but does no damage.
Unknown command.
The meliai zombie hits you.
* * * LOW HITPOINT WARNING * * *
The meliai zombie hits you but does no damage.
Unknown command.
The meliai zombie hits you.
You die...

... #.# #.#
#.# #.#
#.########
#........#
#.###Z##.#
####@....# #
##'##.# +P
#♣≈≈##.#
#≈♣#♣≈♣♣≈#.#
♣≈♣≈♣# ≈#.#
#♣ ♣≈≈≈♣
♣#.# #†
#♣≈♣§♣ #.#
#.#
#≈♣♣≈♣#♣≈#
.# ..# ♣≈≈♣#
≈+


You could see a meliai zombie.

Vanquished Creatures
  A phantom (D:4)
  A bullfrog skeleton (D:3)
  5 adders
  A shadow imp (D:4)
  2 oozes (D:1)
  2 adder skeletons (D:4)
  A dart slug (D:2)
  3 leopard geckos
  2 orcs
  4 ball pythons (D:4)
  9 giant cockroaches
  10 goblins
  11 hobgoblins
  9 jackals
  3 quokkas
  3 bats
  11 kobolds
  5 rats
83 creatures vanquished.

Notes
Turn   | Place    | Note
-------+----------+-------------------------------------------
     0 | D:1      | Flugkiller the Skeleton Fire Elementalist began the quest
                  | for the Orb.
     0 | D:1      | Reached XP level 1. HP: 10/10 MP: 4/4
   176 | D:1      | Reached XP level 2. HP: 15/15 MP: 3/6
   485 | D:1      | Reached XP level 3. HP: 15/19 MP: 1/8
  1495 | D:2      | Reached skill level 4 in Fire Magic
  1880 | D:2      | Reached XP level 4. HP: 16/24 MP: 2/9
  2009 | D:2      | Noticed a +0 hand axe
  2014 | D:2      | Noticed a +0 hand axe
  2026 | D:2      | Learned a level 3 spell: Conjure Flame
  2154 | D:2      | Found a hide-covered altar of Uskayaw.
  2370 | D:3      | Reached XP level 5. HP: 20/28 MP: 3/11
  2808 | D:4      | Noticed a phantom
  2850 | D:4      | Killed a phantom
  2850 | D:4      | Reached skill level 5 in Fire Magic
  2935 | D:4      | Gained mutation: You regenerate a little health from kills.
                  | [Skeleton growth]
  2935 | D:4      | Reached XP level 6. HP: 32/32 MP: 9/13
  3136 | D:4      | Slain by a meliai zombie

Skill      XL: |  1  2  3  4  5 |
---------------+----------------+-----
Conjurations   | 2 3 |  3.7
Fire Magic     | 4 5 |  5.2
Spellcasting   | 4 |  4.9
Dodging        | |  2.0
Stealth        | |  2.4

Action                   |  1- 3 |  4- 6 || total
-------------------------+-------+-------++-------
Melee: Unarmed           |    22 |     4 ||    26
 Cast: Flame Tongue      |    91 |    99 ||   190
       Conjure Flame     |       |     1 ||     1
  Use: Scroll            |       |     5 ||     5
Armor: Robe              |    13 |     8 ||    21
Dodge: Dodged            |    63 |    40 ||   103
